 Dungeon Crawl Stone Soup version 0.19-a0-1008-g4c63d25 (webtiles) character file.

210 Laraso the Magician (level 5, 0/35 HPs)
             Began as a Vampire Ice Elementalist on July 22, 2016.
             Was a Follower of Vehumet.
             Slain by an orc
             ... wielding a +0 hand axe
              (8 damage)
             ... on level 3 of the Dungeon.
             The game lasted 00:08:08 (4158 turns).

Laraso the Magician (Vampire Ice Elementalist)      Turns: 4158, Time: 00:08:08

Health: 0/35       AC:  4    Str: 11    XL:     5   Next: 56%
Magic:  10/11      EV: 12    Int: 18    God:    Vehumet [*.....]
Gold:   112        SH:  0    Dex: 15    Spells: 3 memorised, 7 levels left

rFire  + . .     SeeInvis +     a - +0 trident
rCold  . . .     Gourm    .     o - +0 leather armour {rF+}
rNeg   . . .     Faith    .     (no shield)
rPois  .         Spirit   .     (no helmet)
rElec  .         Dismiss  .     d - +0 cloak
rCorr  .         Reflect  .     (no gloves)
SustAt .         Harm     .     (no boots)
MR     +....                    (no amulet)
Stlth  ++........               j - +4 ring of strength
                                c - ring of protection from magic (curse)

@: regenerating very quickly, somewhat resistant to hostile enchantments,
unstealthy
A: fangs 3, see invisible, unbreathing
a: Renounce Religion


You were on level 3 of the Dungeon.
You worshipped Vehumet.
Vehumet was aware of your devotion.
You were almost alive.

You visited 1 branch of the dungeon, and saw 3 of its levels.

You collected 112 gold pieces.

Inventory:

Hand Weapons
 a - a +0 trident (weapon)
Missiles
 f - 7 curare-tipped needles
Armour
 d - a +0 cloak (worn)
 o - a +0 leather armour of fire resistance (worn)
Jewellery
 c - a cursed ring of protection from magic (left hand)
 j - a +4 ring of strength (right hand)
Wands
 k - a wand of iceblast (9/15)
Scrolls
 i - 2 scrolls of amnesia
 n - a scroll of magic mapping
Potions
 e - a potion of berserk rage
 g - 2 potions of brilliance
 h - 12 potions of blood
 l - a potion of cancellation
Books
 b - a book of Frost

   Spells                             Type                      Level
   a - Freeze                         Ice                          1
   b - Throw Frost                    Conjuration/Ice              2
   c - Ozocubu's Armour               Charms/Ice                   3
   d - Throw Icicle                   Conjuration/Ice              4
   e - Summon Ice Beast               Ice/Summoning                4


   Skills:
 - Level 2.1 Dodging
 - Level 3.0 Stealth
 - Level 4.5 Spellcasting
 * Level 1.3 Conjurations
 - Level 4.0 Ice Magic


You had 7 spell levels left.
You knew the following spells:

 Your Spells              Type           Power        Failure   Level  Hunger
a - Freeze                Ice            ###.         3%          1    None
b - Throw Frost           Conj/Ice       ##....       12%         2    #......
c - Ozocubu's Armour      Chrm/Ice       ##......     24%         3    ###....


Dungeon Overview and Level Annotations

Branches:
Dungeon (3/15)

Altars:
Ashenzari
Okawaru
Vehumet
Zin

Shops:
D:3 *


Innate Abilities, Weirdness & Mutations

Your natural rate of healing is extremely fast.
You have razor-sharp teeth.
You have supernaturally acute eyesight. (SInv)
You can survive without breathing.


Message History

You take 1 damage, and have 31/35 hp.
Unknown command.
Yummy - fresh blood!
The orc closely misses you. The orc hits you.
You take 2 damage, and have 29/35 hp.
Unknown command.
Unknown command.
Yummy - fresh blood!
The orc hits you but does no damage. The orc hits you.
You take 1 damage, and have 28/35 hp.
Unknown command.
Unknown command.
You closely miss the orc.
The orc hits you from afar with a trident.
The orc hits you.
You take 4 damage, and have 24/35 hp.
You closely miss the orc.
The orc hits you from afar with a trident.
You take 1 damage, and have 23/35 hp.
You barely miss the orc. Your bite misses the orc. The orc misses you.
You hit the orc but do no damage. The orc hits you.
* * * LOW HITPOINT WARNING * * *
The orc barely misses you. The orc closely misses you.
You take 5 damage, and have 19/35 hp.
You are too injured to fight recklessly!
Yummy - fresh blood!
The orc hits you but does no damage.
Yummy - fresh blood!
The orc closely misses you. x2
Yummy - fresh blood!
The orc barely misses you. The orc hits you but does no damage.
Unknown command.
Yummy - fresh blood!
The orc closely misses you. The orc barely misses you.
Unknown command.
You are too injured to fight recklessly!
You are too injured to fight recklessly!
You are too injured to fight recklessly!
You hit the orc but do no damage. The orc barely misses you.
You closely miss the orc. Your bite misses the orc.
The orc hits you with a hand axe!
* * * LOW HITPOINT WARNING * * *
You take 6 damage, and have 15/35 hp.
You closely miss the orc. You bite the orc. The orc closely misses you.
You barely miss the orc. Your bite misses the orc. The orc misses you.
The orc hits you but does no damage.
You hit the orc.
You kill the orc!
Vehumet accepts your kill.
You feel your power returning.
You hit the orc. You bite the orc. The orc hits you.
* * * LOW HITPOINT WARNING * * *
You take 2 damage, and have 14/35 hp.
You hit the orc. The orc misses you. x2
You hit the orc.
You kill the orc!
Vehumet accepts your kill.
You feel your power returning. The orc closely misses you.
You hit the orc but do no damage. Your bite misses the orc.
The orc barely misses you. The orc hits you with a hand axe!
* * * LOW HITPOINT WARNING * * *
You take 7 damage, and have 8/35 hp.
You closely miss the orc. Your bite misses the orc. The orc barely misses you.
The orc hits you with a hand axe!
You die...

.8 ... #.# .# # #### .. #.# #.#
o# ##.#### .8##)####.# #.#
#......
..##%..##.##########o###
##..###
.8#................o)..#
####..#.............>#
####..#...#.##o###...#
#.....##....##o# #...#
#####.###.#..##@###...# #.#
#.###.#..##.......#
#.###.............##..#
##<##.........####.##%.#
....รท......#..# #.##..######.#
############..####............#
#...........########
#.########.## #.......)..#


You could see 2 orcs.

Vanquished Creatures
  2 orc wizards (D:3)
  Ijyb (D:3)
  2 gnolls (D:3)
  An adder (D:3)
  A worm (D:2)
  A dart slug (D:2)
  3 giant geckos (D:1)
  10 orcs (D:3)
  A ball python (D:3)
  2 giant cockroaches (D:1)
  9 goblins
  10 hobgoblins
  10 jackals
  A quokka (D:3)
  7 bats
  3 giant newts
  9 kobolds
  9 rats
82 creatures vanquished.

Notes
Turn   | Place    | Note
-------+----------+-------------------------------------------
     0 | D:1      | Laraso the Vampire Ice Elementalist began the quest for the Orb.
     0 | D:1      | Reached XP level 1. HP: 13/13 MP: 3/3
   146 | D:1      | HP: 5/13 [jackal (1)]
   477 | D:1      | Reached XP level 2. HP: 14/19 MP: 0/5
   536 | D:1      | Found a shattered altar of Ashenzari.
   601 | D:1      | Learned a level 2 spell: Throw Frost
  1067 | D:1      | Reached skill level 4 in Ice Magic
  1389 | D:1      | Reached XP level 3. HP: 24/24 MP: 4/6
  1586 | D:2      | Learned a level 3 spell: Ozocubu's Armour
  2117 | D:2      | Found an iron altar of Okawaru.
  2382 | D:2      | Found a radiant altar of Vehumet.
  2384 | D:2      | Became a worshipper of Vehumet
  2621 | D:3      | Found Zin's Purification Station.
  2624 | D:3      | Found a glowing silver altar of Zin.
  2697 | D:3      | Reached skill level 3 in Spellcasting
  3052 | D:3      | Reached XP level 4. HP: 25/30 MP: 5/8
  3427 | D:3      | Reached * piety under Vehumet
  3427 | D:3      | Offered knowledge of Flame Tongue by Vehumet.
  3453 | D:3      | Noticed Ijyb
  3541 | D:3      | Killed Ijyb
  3541 | D:3      | Reached skill level 4 in Spellcasting
  3541 | D:3      | Reached XP level 5. HP: 30/35 MP: 2/11
  3679 | D:3      | HP: 10/35 [gnoll (5)]
  4133 | D:3      | Reached skill level 1 in Conjurations
  4154 | D:3      | HP: 14/35 [orc (2)]
  4158 | D:3      | Slain by an orc

Vault maps used:
D:1:      dpeg_arrival_refuge, grunt_decor_resistance,
          nicolae_ashenzari_panopticon
D:2:      marbit_many_paths, first_bread, okawaru_metal_pillars_1_2
D:3:      kennysheep_the_goblin_king, zin_purify

Skill      XL: |  1  2  3  4  5 |
---------------+----------------+-----
Ice Magic      | 4 |  4.0
Spellcasting   | 3 4 |  4.5
Conjurations   | 1 |  1.3
Dodging        | |  2.1
Stealth        | |  3.0

Action                   |  1- 3 |  4- 6 || total
-------------------------+-------+-------++-------
Melee: Unarmed           |     6 |       ||     6
       Short sword       |    12 |       ||    12
       Trident           |       |    27 ||    27
       Bite              |       |     3 ||     3
 Cast: Freeze            |    31 |    36 ||    67
       Throw Frost       |    49 |    14 ||    63
  Use: Potion            |     8 |    13 ||    21
       Scroll            |     9 |     1 ||    10
Armor: Robe              |    12 |     5 ||    17
       Leather armour    |       |     4 ||     4
Dodge: Dodged            |    36 |    39 ||    75

Table legend:
 A = Kills in this place as a percentage of kills in entire the game.
 B = Kills by you in this place as a percentage of kills by you in the entire game.
 C = Kills by friends in this place as a percentage of kills by friends in the entire game.
 D = Other kills in this place as a percentage of other kills in the entire game.
 E = Experience gained in this place as a percentage of experience gained in the entire game.
 F = Experience gained in this place divided by the number of levels of this place that you have seen.
                   A       B       C       D       E      F
               +-------+-------+-------+-------+-------+----------------------
         Total | 100.0 | 100.0 |  -nan |  -nan | 100.0 | 100.0
       Dungeon | 100.0 | 100.0 |  -nan |  -nan | 100.0 | 100.0
               +-------+-------+-------+-------+-------+----------------------

Table legend:
 A = Turns spent in this place as a percentage of turns spent in the entire game.
 B = Non-inter-level travel turns spent in this place as a percentage of non-inter-level travel turns spent in the entire game.
 C = Inter-level travel turns spent in this place as a percentage of turns spent in this place.
 D = Turns resting spent in this place as a percentage of non-inter-level travel turns spent in this place.
 E = Turns spent auto-exploring this place as a percentage of non-inter-level travel turns spent in this place.
 F = Non-inter-level travel turns spent in this place divided by the number of levels of this place that you've seen.
                   A       B       C       D       E      F
               +-------+-------+-------+-------+-------+----------------------
         Total | 100.0 | 100.0 |   0.3 |  10.8 |   6.8 | 453.3
       Dungeon | 100.0 | 100.0 |   0.3 |  10.8 |   6.8 | 453.3
               +-------+-------+-------+-------+-------+----------------------

Vault maps used:
D:1:      dpeg_arrival_refuge, grunt_decor_resistance,
          nicolae_ashenzari_panopticon
D:2:      marbit_many_paths, first_bread, okawaru_metal_pillars_1_2
D:3:      kennysheep_the_goblin_king, zin_purify
